 Dungeon Crawl Stone Soup version 0.31-a0-810-ga77100ea1a (webtiles) character file.

Game seed: 4205018768232456292

62 javelincjr the Changeling (level 3, -7/18 HPs)
             Began as a Spriggan Shapeshifter on Sept 21, 2023.
             Killed from afar by an orc wizard (11 damage)
             ... with a puff of flame
             ... on level 2 of the Dungeon.
             The game lasted 00:05:28 (1553 turns).

javelincjr the Changeling (Spriggan Shapeshifter)   Turns: 1553, Time: 00:05:29

Health: -7/18      AC:  2    Str: 12    XL:     3   Next: 85%
Magic:  4/4        EV: 17    Int: 11    God:
Gold:   106        SH:  0    Dex: 14    Spells: 2/2 levels left

rFire   . .          .
                       - Unarmed
rCold   . . .        (no shield)
rNeg    . . .        a - +0 animal skin
rPois   +            (helmet restricted)
rElec   .            (no cloak)
rCorr   .            (gloves unavailable)
SInv    +            (boots unavailable)
Will    .....        (no amulet)
Stlth   +            f - ring of poison resistance
HPRegen 0.23/turn    (no ring)
MPRegen 0.09/turn

%: no passive effects
@: very quick
A: very small, no large weapons, unfitting armour, see invisible, speed 3
a: no special abilities


You were on level 2 of the Dungeon.
You visited 1 branch of the dungeon, and saw 2 of its levels.

You collected 106 gold pieces.

Inventory:

Missiles
 i - 9 boomerangs (quivered)
Armour
 a - a +0 animal skin (worn)
Jewellery
 f - a ring of poison resistance (left hand)
 m - an amulet of the acrobat
Talismans
 c - a beast talisman
 d - a flux talisman
 k - a dragon-blood talisman
Scrolls
 e - a scroll of teleportation {unknown}
 h - a scroll of blinking {unknown}
 l - a scroll of noise {unknown}
 o - a scroll of enchant weapon {unknown}
Potions
 b - a potion of lignification
 g - a potion of cancellation {unknown}
 j - 2 potions of brilliance {unknown}
 n - a potion of haste {unknown}


   Skills:
 + Level 1.5 Fighting
 + Level 3.5 Dodging
 + Level 2.8 Unarmed Combat
 * Level 4.8 Shapeshifting


You had 2 spell levels left.
You didn't know any spells.
Your spell library was empty.

Dungeon Overview and Level Annotations

Branches:
Dungeon (2/15)

Altars:


Innate Abilities, Weirdness & Mutations

You are very small and have problems with some larger weapons.
You are too small for most types of armour.
You have supernaturally acute eyesight. (SInv)
You cover ground extremely quickly. (Speed+++)


Message History

The boomerang hits the orc wizard but does no damage.
The orc wizard is moderately wounded.
You hit the orc.
The orc is severely wounded.
The orc wizard gestures wildly while chanting.
The orc wizard flickers and vanishes for a moment.
You hit the orc.
You kill the orc!
You hit the orc wizard.
The orc wizard is moderately wounded.
The orc wizard misses you.
You closely miss the orc wizard.
The orc wizard is moderately wounded.
You hit the orc wizard.
The orc wizard is severely wounded.
The orc wizard hits you with a +0 dagger.
You closely miss the orc wizard.
The orc wizard is severely wounded.
The orc wizard hits you with a +0 dagger.
* * * LOW HITPOINT WARNING * * *
You hit the orc wizard.
The orc wizard is almost dead.
The orc wizard misses you.
You closely miss the orc wizard.
The orc wizard is almost dead.
The orc wizard barely misses you.
You barely miss the orc wizard.
The orc wizard is almost dead.
The orc wizard points at you and mumbles some strange words.
You resist with some effort.
You closely miss the orc wizard.
The orc wizard is almost dead.
The orc wizard hits you with a +0 dagger.
* * * LOW HITPOINT WARNING * * *
You barely miss the orc wizard.
The orc wizard is almost dead.
The orc wizard casts a spell at you. The puff of flame hits you!
Ouch! That really hurt!
You die...

#.......#
#.......#
#.......#
######
#.......#
#.....
#.......#
#.####
#.......# #.#
#.......# #.#
#######o# #.#
#@# #.# #.# #†#
#.# #.# #.# #<#
#.###########.#
#.............#
###############


You could see an orc wizard (invisible).

Vanquished Creatures
  2 adders (D:2)
  3 dart slugs
  A worm (D:2)
  2 orcs (D:2)
  5 ball pythons (D:1)
  4 endoplasms
  2 giant cockroaches (D:1)
  2 goblins
  6 kobolds
  2 quokkas
  3 bats
  A frilled lizard (D:2)
33 creatures vanquished.

Notes
Turn   | Place    | Note
-------+----------+-------------------------------------------
     0 | D:1      | javelincjr the Spriggan Shapeshifter began the quest for
                  | the Orb.
     0 | D:1      | Reached XP level 1. HP: 9/9 MP: 2/2
    44 | D:1      | Reached skill level 1 in Fighting
   119 | D:1      | Reached XP level 2. HP: 14/14 MP: 3/3
  1135 | D:2      | Reached XP level 3. HP: 12/18 MP: 4/4
  1553 | D:2      | Killed from afar by an orc wizard

Illustrated notes

Levels and vault maps discovered:
D:1:      psy_arrival_terrarium, layout_basic
D:2:      layout_basic, basic_altar

Skill      XL: |  1 |
---------------+----+-----
Fighting       | 1 |  1.5
Dodging        | 3 |  3.5
Unarmed Combat | |  2.8
Shapeshifting  | |  4.8

Action                     || total
---------------------------++-------
  Melee: Unarmed           ||   133
         Punch             ||     4
  Throw: Boomerang         ||    17
Ability: Begin Untransform ||     1
   Stab: Sleeping          ||     2
 Armour: Animal skin       ||    37
  Dodge: Dodged            ||    96

Table legend: (Time is in decaauts)
 A = Elapsed time spent in this place.
 B = Non-inter-level travel time spent in this place.
 C = Inter-level travel time spent in this place.
 D = Time resting spent in this place.
 E = Time spent auto-exploring this place.
 F = Levels seen in this place.
 G = Mean time per level.
                   A        B        C        D        E       F      G
               +--------+--------+--------+--------+--------+-----+--------+
         Total |   1057 |   1043 |     14 |      0 |    739 |   2 |  528.5 |
       Dungeon |   1057 |   1043 |     14 |      0 |    739 |   2 |  528.5 |
               +--------+--------+--------+--------+--------+-----+--------+

Top non-repeatable levels by time:
     D:1: 706 daAuts
     D:2: 351 daAuts
